Map: Acropolis LE

Players

SuperKricken - Winner!

  • Race: Terran Terran
  • League: Gold
  • Spawn Location: 5:00

GrumpyKitten

  • Race: Terran Terran
  • Spawn Location: 11:00

VOD

Have the link to the VOD?

Description

Time

  • Played on: July 13, 2019, 4:58 p.m.
  • Length: 9:10
Show
View Real Time Build Order
Export as new Build Order

SuperKricken Terran - Winner!

Build Orders: Reaper Expand, Mech 

Get SALT Encoding   

  12  0:01  SCV  
  13  0:13  SCV  
  14  0:19  Supply Depot  
  14  0:25  SCV  
  15  0:41  SCV  
  16  0:45  Barracks  
  16  0:50  Refinery  
  16  0:53  SCV  
  17  1:05  SCV, Barracks  
  18  1:17  SCV  
  19  1:31  Orbital Command  
  19  1:36  Reaper  
  20  1:52  Barracks Tech Lab  
  20  1:59  Command Center  
  20  2:04  SCV  
  21  2:23  Barracks Reactor  
  21  2:27  SCV  
  22  2:30  Supply Depot  
  22  2:36  Refinery  
  21  2:47  SCV  
  22  2:53  Marine  
  23  3:00  Factory  
  23  3:02  Marine x2  
  25  3:10  Marine  
  25  3:11  SCV  
  27  3:17  Bunker  
  27  3:22  Marine x2  
  29  3:27  Orbital Command  
  29  3:28  SCV  
  30  3:40  SCV, Marauder  
  30  3:41  Marine x2  
  33  3:48  Starport, Bunker  
  35  3:52  Supply Depot  
  35  3:58  Factory Tech Lab  
  35  4:02  Marauder  
  37  4:04  Factory  
  37  4:08  SCV  
  38  4:20  SCV  
  39  4:29  Siege Tank, Factory  
  42  4:44  Armory  
  42  4:46  SCV  
  42  4:48  Refinery  
  42  4:51  Refinery  
  43  5:02  Marine  
  43  5:03  Marine  
  43  5:16  Marine  
  43  5:20  Marine x2  
  41  5:22  Siege Tank  
  42  5:31  SCV  
  42  5:34  Marine  
  44  5:39  Bunker  
  44  5:42  Marine x2  
  45  5:45  Supply Depot  
  45  5:46  Terran Vehicle Weapons Level 1  
  46  5:51  Factory Tech Lab x2  
  46  5:52  Marine  
  46  5:54  Siege Tank  
  46  5:55  Starport Reactor  
  50  6:00  Marine x2  
  52  6:09  Marine  
  53  6:11  Siege Tank  
  53  6:12  SCV  
  53  6:18  Marine  
  58  6:25  SCV  
  59  6:28  Siege Tank  
  62  6:35  Supply Depot  
  62  6:56  SCV, Marine x3  
  62  6:57  Supply Depot  
  66  7:05  Siege Tank  
  69  7:19  Marine x3  
  69  7:20  Supply Depot  
  72  7:28  SCV  
  72  7:29  Supply Depot  
  73  7:31  Barracks  
  73  7:37  Marine  
  73  7:41  SCV  
  73  7:42  Siege Tank x2  
  73  7:43  Siege Tank, Supply Depot  
  73  7:44  Marine x2  
  86  7:51  Supply Depot  
  79  8:00  Marine  
  79  8:01  Marine  
  80  8:07  Supply Depot  
  80  8:10  Marine  
  76  8:18  Marine  
  76  8:19  Marine  
  74  8:36  Marine  
  74  8:37  Marine x2  
  77  8:46  Supply Depot  
  90  8:50  Supply Depot  
Show
View Real Time Build Order
Export as new Build Order

GrumpyKitten Terran 

Build Orders:  

Get SALT Encoding   

  12  0:05  SCV  
  13  0:16  Supply Depot  
  13  0:18  SCV  
  14  1:00  Barracks  
  14  1:02  SCV  
  15  1:14  SCV  
  16  1:19  Barracks  
  16  1:26  SCV  
  17  1:38  SCV  
  18  1:49  Barracks  
  18  1:51  SCV  
  19  2:02  Supply Depot  
  19  2:03  SCV  
  19  2:07  Barracks, Marine  
  21  2:15  Marine  
  22  2:24  Marine  
  22  2:25  Supply Depot  
  22  2:29  Orbital Command  
  23  2:32  Marine  
  24  2:39  Refinery  
  24  2:42  Marine  
  25  2:48  Marine  
  25  2:50  Marine  
  27  2:54  Barracks  
  27  3:00  Marine  
  27  3:01  Marine  
  29  3:05  Marine  
  29  3:08  Marine  
  31  3:18  Marine  
  31  3:19  Marine  
  33  3:23  Marine  
  33  3:26  Marine  
  35  3:33  Supply Depot  
  35  3:35  SCV  
  35  3:36  Marine  
  37  3:44  Refinery  
  37  4:00  Reaper  
  38  4:09  Marine x2  
  39  4:10  Marine  
  39  4:11  Marine  
  42  4:27  Marine  
  42  4:28  Factory, Command Center  
  43  4:55  Marine x4  
  47  5:04  Supply Depot  
  47  5:08  Marine  
  37  5:27  Supply Depot  
  29  5:30  Marine  
  29  5:31  Marine x4  
  31  5:44  SCV  
  31  5:48  Marine x2  
  31  5:49  Marine x3  
  37  5:50  Supply Depot  
  37  5:55  Factory Reactor  
  37  5:58  Factory Tech Lab  
  37  6:03  Starport  
  37  6:26  Bunker  
  37  6:31  Bunker  
  37  6:35  SCV, Bunker  
  38  6:47  SCV  
  38  6:48  SCV  
  40  6:59  SCV  
  40  7:00  SCV  
  42  7:26  Engineering Bay  
  42  7:31  Supply Depot  
  42  7:54  Supply Depot  
  38  8:07  Marine x4  
  38  8:08  Marine  
  35  8:25  Marine x5  
  31  8:42  Marine  
  31  8:43  Marine  
  31  8:46  Marine x3  
Tags
 
Composition
Mech
League
Gold
Matchup
TvT
Race
Terran
Spawn Locations
Cross Positions
Add a new tag
Caveats
  • Supply blocks, unpowered buildings, or Contaminate may cause inaccurate times.
  • Supply counts are checked every 10 seconds.